 Dungeon Sprint DCSS version bcrawl-1.21.2-1-g32d02e0829 (webtiles) character file.

Game seed: 1944418214811632496

186240065 MordorOrchid the Archmage (level 23, 168/192 HPs)
             Began as an Avariel Air Elementalist on Feb 18, 2020.
             Was the Champion of Sif Muna.
             Escaped with the Orb
             ... and 17 runes!
             The game lasted 02:26:28 (9759 turns).

MordorOrchid the Archmage (AvAE)                    Turns: 9759, Time: 02:26:29

Health: 168/192    AC: 14    Str:  9    XL:     23   Next: 70%
Magic:  22/56      EV: 33    Int: 42    God:    Sif Muna [******]
Gold:   45         SH: 21    Dex: 13    Spells: 2/76 levels left

rFire    + + +     SeeInvis +   P - +6 hand axe "Ukhlunuga" {elec, rC+ Str-5 Int+7}
rCold    + + .     Gourm    .   t - +0 shield
rNeg     + + +     Faith    .   M - +2 leather armour {rPois}
rPois    ∞         Spirit   .   W - +0 helmet {Int+3}
rElec    .         Reflect  .   Q - scarf {repulsion}
rCorr    .         Harm     .   r - +0 pair of gloves "Kowooc" {rF+ SInv}
MR       +++..     NoTele   +   (no boots)
Stlth    +.........             (no amulet)
HPRegen  0.42/turn              Z - ring of wizardry
MPRegen  0.35/turn              K - ring "Peybynk" {rF+++ EV+3 Str+8}

@: lich-form, repel missiles
A: repulsion field 1, large bone plates 1, robust 1, screaming 1, able to fly
0: Orb of Zot
}: 17/17 runes: decaying, serpentine, barnacled, slimy, elven, silver, golden,
iron, obsidian, icy, bone, abyssal, glowing, magical, fiery, dark, gossamer
a: Fly, End Transformation, Divine Energy, Channel Magic, Forget Spell, Renounce
Religion


You escaped.
You worshipped Sif Muna.
Sif Muna was exalted by your worship.
You were not hungry.
You were a lich.
You visited 1 branch You collected 1950 gold pieces.
You spent 1905 gold pieces at shops.

Inventory:

Hand Weapons
 a - the +9 hand axe "Newtslayer" {freeze, +Inv rC+}
   (You found it in the Dungeon)

   It has been specially enchanted to freeze those struck by it, causing extra
   injury to most foes and up to half again as much damage against particularly
   susceptible opponents.
   It can also slow down cold-blooded creatures.
   It protects you from cold.
   It lets you turn invisible.
 y - a +9 short sword of flaming
 z - the +4 staff of Dispater
   (You took it off Dispater in the Dungeon)
 N - the +5 broad axe "Pogaik" {venom, rPois Str+4 Int+2}
   (You found it in the Dungeon)

   It poisons the flesh of those it strikes.
   It affects your strength (+4).
   It affects your intelligence (+2).
   It protects you from poison.
 O - the +7 sceptre of Asmodeus
   (You took it off Asmodeus in the Dungeon)
 P - the +6 hand axe "Ukhlunuga" (weapon) {elec, rC+ Str-5 Int+7}
   (You took it off an ironheart preserver in the Dungeon)

   Occasionally, upon striking a foe, it will discharge some electrical energy
   and cause terrible harm.
   It affects your strength (-5).
   It affects your intelligence (+7).
   It protects you from cold.
Missiles
 g - 312 silver javelins
 k - 353 javelins
 C - 293 tomahawks (quivered)
 D - a throwing net {!f}
Armour
 r - the +0 pair of gloves "Kowooc" (worn) {rF+ SInv}
   (You found it in the Dungeon)

   It protects you from fire.
   It lets you see invisible.
 s - +1 acid dragon scales
 t - a +0 shield (worn)
 F - a +1 pair of gloves of archery
 M - a +2 leather armour of poison resistance (worn)
 Q - a scarf of repulsion (worn)
 R - a +2 robe of cold resistance
 U - the +0 leather armour of the Armadillo {rF+ rC+ Str-3 Int+3}
   (You found it in the Dungeon)

   It affects your strength (-3).
   It affects your intelligence (+3).
   It protects you from fire.
   It protects you from cold.
 W - a +0 helmet of intelligence (worn)
Magical Staves
 x - an uncursed staff of energy
Jewellery
 m - the ring of Rurghevy {rPois Str+6 Int+2 Slay-4}
   (You found it in the Dungeon)

   [ring of poison resistance]

   It affects your strength (+6).
   It affects your intelligence (+2).
   It affects your accuracy and damage with ranged weapons and melee attacks
   (-4).
   It protects you from poison.
 u - a +4 ring of protection
 K - the ring "Peybynk" (right hand) {rF+++ EV+3 Str+8}
   (You found it in the Dungeon)

   [ring of evasion]

   It affects your evasion (+3).
   It affects your strength (+8).
   It renders you almost immune to fire.
 L - an uncursed ring of see invisible
 Z - a ring of wizardry (left hand)
Wands
 n - a wand of iceblast (10)
 H - a wand of polymorph (21)
 I - a wand of scattershot (8)
Scrolls
 j - 6 scrolls of blinking
 l - 7 scrolls of remove curse
 o - 5 scrolls of fog
 w - a scroll of fear
 E - 4 scrolls of enchant armour
 V - a scroll of vulnerability
Potions
 b - a potion of cancellation
 c - 2 potions of flight
 d - 9 potions of curing
 f - 19 potions of heal wounds
 h - 4 potions of magic
 i - 4 potions of berserk rage
 q - a potion of agility
 v - a potion of mutation
 A - 2 potions of might
 T - 3 potions of haste
 X - 2 potions of brilliance
Miscellaneous
 p - a lightning rod (4/4)
 B - the horn of Geryon
 G - a lamp of fire
 J - 2 sacks of spiders
Comestibles
 e - 8 rations {!d}


   Skills:
 O Level 27 Fighting
 - Level 2.1 Short Blades
 - Level 6.0 Armour
 O Level 27 Dodging
 - Level 5.0 Stealth
 O Level 27 Shields
 O Level 27 Spellcasting
 O Level 27 Conjurations
 - Level 3.4 Charms
 - Level 9.0 Summonings
 - Level 16.1 Necromancy
 O Level 27 Translocations
 - Level 11.3 Transmutations
 O Level 27 Fire Magic
 O Level 27 Ice Magic
 - Level 20.0 Air Magic
 + Level 20.3 Earth Magic
   Level 2.2 Poison Magic
 - Level 15.3 Invocations
 - Level 23.2 Evocations


You had 2 spell levels left.
You knew the following spells:

 Your Spells              Type           Power        Failure   Level  Hunger
a - Shock                 Conj/Air       #####        0%          1    N/A
b - Airstrike             Air            ########..   0%          4    N/A
c - Irradiate             Conj/Tmut      ########..   0%          5    N/A
j - Summon Lightning Spi  Summ/Air       ########     1%          5    N/A
k - Regeneration          Chrm/Necr      ########..   0%          3    N/A
l - Glaciate              Conj/Ice/Air   ########..   1%          8    N/A
n - Necromutation         Tmut/Necr      ########     3%          8    N/A
o - Orb of Destruction    Conj           ########..   0%          7    N/A
s - Spellforged Servitor  Conj/Summ      ########..   1%          7    N/A
x - Blink                 Tloc           N/A          0%          2    N/A
E - Borgnjor's Vile Clut  Necr/Erth      ########..   1%          6    N/A
F - Fire Storm            Conj/Fire      ########..   1%          9    N/A
T - Shatter               Erth           ########..   3%          9    N/A

Your spell library contained the following spells:

 Spells                   Type           Power        Failure   Level  Hunger
 Animate Skeleton         Necr           N/A          0%          1    N/A
 Apportation              Tloc           ######       0%          1    N/A
 Beastly Appendage        Tmut           ######       0%          1    N/A
 Blink Other              Tloc           ######       0%          1    N/A
 Flame Tongue             Conj/Fire      #####        0%          1    N/A
 Freeze                   Ice            ######       0%          1    N/A
 Magic Dart               Conj           ####         0%          1    N/A
 Pain                     Necr           ######       0%          1    N/A
 Sandblast                Erth           ######       0%          1    N/A
 Sting                    Conj/Pois      ####         0%          1    N/A
 Summon Butterflies       Summ           #######.     0%          1    N/A
 Summon Small Mammal      Summ           ####         0%          1    N/A
 Call Imp                 Summ           ######       0%          2    N/A
 Corpse Rot               Necr           N/A          0%          2    N/A
 Ensorcelled Hibernation  Hex/Ice        ######       0%          2    N/A
 Flaming Arrows           Chrm/Fire      ########     0%          2    N/A
 Passwall                 Tmut/Erth      ########     0%          2    N/A
 Poisonous Vapours        Pois/Air       ######       0%          2    N/A
 Searing Ray              Conj           ########     0%          2    N/A
 Sticks to Snakes         Tmut           ########     0%          2    N/A
 Sublimation of Blood     Necr           ########..   0%          2    N/A
 Swiftness                Chrm/Air       ########     0%          2    N/A
 Throw Frost              Conj/Ice       ######       0%          2    N/A
 Corona                   Hex            ######.      1%          1    N/A
 Infusion                 Chrm           ######..     1%          1    N/A
 Slow                     Hex            ######..     1%          1    N/A
 Shackle                  Hex            ######..     1%          2    N/A
 Song of Slaying          Chrm           ######..     1%          2    N/A
 Beckoning                Tloc           ########..   0%          3    N/A
 Conjure Flame            Conj/Fire      ########     0%          3    N/A
 Dazzling Spray           Conj/Hex       ######       0%          3    N/A
 Ignite Poison            Fire/Tmut/Pois ########     0%          3    N/A
 Inner Flame              Hex/Fire       N/A          0%          3    N/A
 Iskenderun's Mystic Bla  Conj           ########     0%          3    N/A
 Leda's Liquefaction      Hex/Erth       #######...   0%          3    N/A
 Mephitic Cloud           Conj/Pois/Air  ########     0%          3    N/A
 Ozocubu's Armour         Chrm/Ice       ########     0%          3    N/A
 Portal Projectile        Tloc           ######       0%          3    N/A
 Recall                   Summ/Tloc      N/A          0%          3    N/A
 Static Discharge         Air            ########     0%          3    N/A
 Stone Arrow              Conj/Erth      ######       0%          3    N/A
 Teleport Other           Tloc           ########     0%          3    N/A
 Vampiric Draining        Necr           ########..   0%          3    N/A
 Animate Dead             Necr           N/A          0%          4    N/A
 Force Lance              Tloc           ########     0%          4    N/A
 Fulminant Prism          Conj/Hex       ########..   0%          4    N/A
 Ice Form                 Ice/Tmut       ########     0%          4    N/A
 Petrify                  Tmut/Erth      ########     0%          4    N/A
 Sticky Flame             Conj/Fire      ########     0%          4    N/A
 Summon Ice Beast         Ice/Summ       ########     0%          4    N/A
 Throw Icicle             Conj/Ice       ########     0%          4    N/A
 Agony                    Necr           ########     0%          5    N/A
 Bolt of Draining         Conj/Necr      #########.   0%          5    N/A
 Bolt of Magma            Conj/Fire/Erth ########..   0%          5    N/A
 Dispel Undead            Necr           ########     0%          5    N/A
 Fireball                 Conj/Fire      ########..   0%          5    N/A
 Iskenderun's Battlesphe  Conj/Chrm      ########     0%          5    N/A
 Lee's Rapid Deconstruct  Erth           ########..   0%          5    N/A
 Lightning Bolt           Conj/Air       ########..   0%          5    N/A
 Summon Forest            Summ/Tloc      ########..   0%          5    N/A
 Bolt of Cold             Conj/Ice       ########..   0%          6    N/A
 Bolt of Fire             Conj/Fire      ########..   0%          6    N/A
 Conjure Ball Lightning   Conj/Air       ########..   0%          6    N/A
 Dispersal                Tloc           ########..   0%          6    N/A
 Freezing Cloud           Ice/Air        ########..   0%          6    N/A
 Iron Shot                Conj/Erth      ########..   0%          6    N/A
 Ozocubu's Refrigeration  Ice            ########..   0%          6    N/A
 Simulacrum               Ice/Necr       #########.   0%          6    N/A
 Icicle Burst             Conj/Ice       ########..   0%          7    N/A
 Call Canine Familiar     Summ           #######.     1%          3    N/A
 Confuse                  Hex            ######..     1%          3    N/A
 False Image              Hex/Summ       #######.     1%          3    N/A
 Spectral Weapon          Hex/Chrm       ######..     1%          3    N/A
 Spider Form              Tmut/Pois      ###          1%          3    N/A
 Tukima's Dance           Hex            ######..     1%          3    N/A
 Cause Fear               Hex            ######....   1%          4    N/A
 Olgreb's Toxic Radiance  Pois           ######..     1%          4    N/A
 Summon Scorpions         Summ/Pois      #######.     1%          4    N/A
 Yara's Violent Unravell  Hex/Tmut       #######...   1%          4    N/A
 Aura of Abjuration       Summ           #######...   1%          5    N/A
 Blade Hands              Tmut           ########..   1%          5    N/A
 Metabolic Englaciation   Hex/Ice        ########..   1%          5    N/A
 Piercing Shot            Chrm           ######....   1%          5    N/A
 Silence                  Hex/Air        #######...   1%          5    N/A
 Summon Demon             Summ           #######...   1%          5    N/A
 Summon Mana Viper        Hex/Summ       #######.     1%          5    N/A
 Tree Form                Hex/Tmut       N/A          1%          5    N/A
 Venom Bolt               Conj/Pois      ########..   1%          5    N/A
 Death Channel            Chrm/Necr      ########..   1%          6    N/A
 Deflect Missiles         Chrm/Air       ########..   1%          6    N/A
 Poison Arrow             Conj/Pois      ########..   1%          6    N/A
 Shadow Creatures         Summ           N/A          1%          6    N/A
 Statue Form              Tmut/Erth      ########.    1%          6    N/A
 Steam Barrier            Chrm/Fire      ########..   1%          6    N/A
 Summon Hydra             Summ           #######...   1%          6    N/A
 Dragon Form              Tmut           #######      1%          7    N/A
 Haunt                    Necr/Summ      ########..   1%          7    N/A
 Malign Gateway           Summ/Tloc      ########..   1%          7    N/A
 Mana Rupture             Conj/Hex       ########..   1%          7    N/A
 Borgnjor's Revivificati  Necr           ########..   1%          8    N/A
 Chain Lightning          Conj/Air       ########..   1%          8    N/A
 Controlled Blink         Tloc           N/A          1%          8    N/A
 Ignition                 Fire           ########..   1%          8    N/A
 Lehudib's Crystal Spear  Conj/Erth      ########..   1%          8    N/A
 Time Stop                Chrm/Tloc      N/A          1%          8    N/A
 Infestation              Hex/Tmut/Pois  #######..    3%          6    N/A
 Monstrous Menagerie      Summ           #######...   3%          7    N/A
 Summon Greater Demon     Summ           #######...   3%          7    N/A
 Tornado                  Air            ########..   4%          9    N/A
 Darkness                 Hex            ######....   21%         6    N/A
 Invisibility             Hex            ######..     21%         6    N/A
 Summon Horrible Things   Summ           #######...   22%         8    N/A
 Dragon's Call            Summ           #######...   96%         9    N/A
 Discord                  Hex            ######....   100%        8    N/A
 Passage of Golubria      Tloc           Unusable     N/A         5    N/A

Dungeon Overview and Level Annotations

Branches:
Dungeon (1/1)

Altars:
Cheibriados
Dithmenos
Elyvilon
Fedhas
Gozag
Hepliaklqana
Kikubaaqudgha
Lugonu
Makhleb
Nemelex Xobeh
Okawaru
Qazlal
Ru
Sif Muna
Trog
Uskayaw
Vehumet
Wu Jian
Xom
Yredelemnul
Zin
The Shining One
Beogh
Jiyva

Shops:
D *[}(


Innate Abilities, Weirdness & Mutations

You can fly continuously.
You are surrounded by a mild repulsion field. (EV +2)
You are partially covered in large bone plates. (SH +4)
You are robust. (+10% HP)
You occasionally shout uncontrollably at your foes.


Message History

You are engulfed in freezing vapours.
You resist.
There is a roughly hewn altar of Beogh here.
You are engulfed in freezing vapours.
You resist.
There is an open door to the Temple here.
You are engulfed in freezing vapours.
You resist.
Evoke which item? (* to show all) (? for menu, Esc to quit)
Okay, then.
Unknown command.
You close the door.
You are engulfed in freezing vapours.
You resist.
Casting: Glaciate (safe; 1% risk of failure)
Confirm with . or Enter, or press ? or * to list all spells.
You blink.
You close the door.
Casting: Blink (safe; 0% risk of failure)
Confirm with . or Enter, or press ? or * to list all spells.
You blink.
There is an open door to the Dungeon, spattered with blood here.
You see here a +0 club.
There is a staircase leading out of the dungeon here.
You have escaped!

.▓.▓.▓.▓.▓.▓.▓.▓.▓
.▓.▓.▓.▓.▓.▓+▓.▓.▓
.▓.▓.▓.▓.▓.▓.▓.▓.▓
.▓.▓.▓.▓.▓.▓.▓.▓.▓
.▓.▓.▓.▓.▓.▓.▓.▓)▓
.▓.▓.▓.▓.▓.▓.▓.▓.▓
.▓.▓.▓.▓.▓.▓.▓.▓.▓
.▓.▓.▓.▓.▓.▓.▓.▓.▓
...▓...▓...▓...▓L▓
▓▓▓▓▓▓▓▓▓▓▓▓▓▓▓▓▓▓


There were no monsters in sight!

Vanquished Creatures
  Cerebov (D)
  Antaeus (D)
  Asmodeus (D)
  Ereshkigal (D)
  the Royal Jelly (D)
  Gloorx Vloq (D)
  Mnoleg (D)
  Lom Lobon (D)
  4 orbs of fire (D)
  Mara (D)
  Dispater (D)
  5 ancient liches (D)
  Xtahua (D)
  Mennas (D)
  5 greater mummies (D)
  2 Killer Klowns (D)
  Boris (D)
  4 golden dragons (D)
  Frederick (D)
  A curse toe (D)
  Geryon (D)
  Jory (D)
  A bone dragon (D)
  3 electric golems (D)
  A Shadow Fiend (D)
  28 Orb Guardians (D)
  A Hell Sentinel (D)
  6 tentacled monstrosities (D)
  A deep elf blademaster (D)
  3 liches (D)
  2 deep elf master archers (D)
  3 quicksilver dragons (D)
  6 acid blobs (D)
  12 sphinxes (D)
  A death cob (D)
  A tengu reaver (D)
  A draconian monk (D)
  4 storm dragons (D)
  A nagaraja (D)
  4 shadow dragons (D)
  A pandemonium lord (D)
  A daeva (D)
  6 azure jellies (D)
  A vault warden (D)
  2 balrugs (D)
  2 draconian knights (D)
  2 deep elf sorcerers (D)
  A frost giant (D)
  A fire giant (D)
  2 draconian scorchers (D)
  Louise (D)
  2 ghost moths (D)
  2 blood saints (D)
  A warmonger (D)
  Aizul (D)
  5 emperor scorpions (D)
  3 stone giants (D)
  2 reapers (D)
  A draconian stormcaller (D)
  A draconian annihilator (D)
  3 very ugly things (D)
  4 ironheart preservers (D)
  A green draconian (D)
  A starcursed mass (D)
  An entropy weaver (D)
  7 black draconians (D)
  7 vampire knights (D)
  A deep elf demonologist (D)
  3 purple draconians (D)
  3 deep elf annihilators (D)
  Nessos (D)
  A red draconian (D)
  3 lorocyprocas (D)
  5 white draconians (D)
  A yellow draconian (D)
  2 merfolk javelineers (D)
  4 deep elf death magi (D)
  3 mummy priests (D)
  Josephine (D)
  A blizzard demon (D)
  Snorg (D)
  5 death oozes (D)
  4 merfolk impalers (D)
  A great orb of eyes (D)
  2 naga warriors (D)
  3 fire dragons (D)
  A yaktaur captain (D)
  A deep elf high priest (D)
  8 hydras (D)
  A hell beast (D)
  18 vault guards (D)
  A ghost crab (D)
  6 ice dragons (D)
  A satyr (D)
  An anaconda (D)
  3 merfolk aquamancers (D)
  A deep troll shaman (D)
  2 vampire magi (D)
  2 deep troll earth magi (D)
  A naga sharpshooter (D)
  A shock serpent (D)
  An orc high priest (D)
  A shock serpent (shapeshifter) (D)
  A spriggan berserker (D)
  3 hell knights (D)
  A skeletal warrior (D)
  An unseen horror (D)
  An infernal demonspawn (D)
  A gelid demonspawn (D)
  A spriggan druid (D)
  A sea snake (D)
  4 swamp dragons (D)
  2 cyclopes (D)
  A glowing orange brain (D)
  An orc knight (D)
  4 phantasmal warriors (D)
  A necromancer (D)
  3 ironbrand convokers (D)
  A wolf spider (D)
  8 moths of wrath (D)
  4 orb spiders (D)
  An elephant (D)
  3 black mambas (D)
  A rust devil (D)
  7 naga magi (D)
  An orange demon (D)
  A hellion (D)
  A vault sentinel (D)
  4 cane toads (D)
  2 demonic crawlers (D)
  2 tormentors (D)
  3 yaktaurs (D)
  2 freezing wraiths (D)
  A red devil (D)
  2 hellwings (D)
  20 guardian mummies (D)
  A wandering mushroom (D)
  2 trolls (D)
  2 jumping spiders (D)
  4 merfolk (D)
  A bog body (D)
  2 blink frogs (D)
  2 tyrant leeches (D)
  A hippogriff (D)
  2 redbacks (D)
  A ynoxinul (D)
  3 wraiths (D)
  Eustachio (D)
  11 spriggans (D)
  A golden eye (D)
  3 vampire mosquitoes (D)
  A warg (shapeshifter) (D)
  2 acid dragons (D)
  3 crocodiles (D)
  2 nagas (D)
  2 water moccasins (D)
  4 floating eyes (D)
  A small abomination (D)
  A porcupine (D)
  2 swamp drakes (D)
  A black bear (shapeshifter) (D)
  2 large abominations (D)
  12 orc warriors (D)
  A black bear (D)
  A boggart (D)
  A phantom (D)
  An eye of draining (D)
  2 wolves (D)
  2 ogres (D)
  5 bullfrogs (D)
  A scorpion (D)
  2 hounds (D)
  4 orc priests (D)
  2 orc wizards (D)
  A worker ant (D)
  A shadow imp (D)
  A white imp (D)
  A leopard gecko (D)
  3 orcs (D)
  A giant cockroach (D)
  A hobgoblin (D)
  2 quokkas (D)
  3 bat simulacra (D)
  A goblin (D)
  A rat (D)
  14 blocks of ice (D)
  8 fire vortices (D)
  A lurking horror (D)
494 creatures vanquished.

Vanquished Creatures (collateral kills)
  Margery (D)
  3 Orb Guardians (D)
  Rupert (D)
  An Executioner (D)
  A tengu reaver (D)
  3 nagarajas (D)
  Donald (D)
  2 shadow dragons (D)
  An azure jelly (D)
  Ilsuiw (D)
  A vault warden (D)
  3 fire giants (D)
  2 emperor scorpions (D)
  2 stone giants (D)
  A very ugly thing (D)
  An ironheart preserver (D)
  A draconian annihilator (D)
  A vampire knight (D)
  A black draconian (D)
  2 white draconians (D)
  Azrael (D)
  A great orb of eyes (D)
  A naga warrior (D)
  2 ice dragons (D)
  7 vault guards (D)
  An alligator (D)
  An ogre mage (D)
  A merfolk aquamancer (D)
  A deep troll shaman (D)
  A hell knight (D)
  A sea snake (D)
  An ironbrand convoker (D)
  An orc knight (D)
  2 cyclopes (D)
  A mana viper (D)
  An ugly thing (D)
  A merfolk siren (D)
  A vault sentinel (D)
  A yaktaur (shapeshifter) (D)
  A yaktaur (D)
  A merfolk (D)
  A hornet (shapeshifter) (D)
  A jumping spider (D)
  A bog body (D)
  2 wraiths (D)
  A water elemental (D)
  6 fire elementals (D)
  2 vampire mosquitoes (D)
  A naga (D)
  11 orc warriors (D)
  A floating eye (D)
  A crimson imp (D)
  An orc priest (D)
  An orc wizard (D)
  2 orcs (D)
  A block of ice (D)
  A fire vortex (D)
93 creatures vanquished.

Vanquished Creatures (others)
  A vault warden (D)
  An alligator (D)
  A hell knight (D)
  14 blocks of ice (D)
  85 fire vortices (D)
102 creatures vanquished.

Grand Total: 689 creatures vanquished

Notes
Turn   | Place    | Note
-------+----------+-------------------------------------------
     0 | D        | MordorOrchid the Avariel Air Elementalist began the quest
                  | for the Orb.
     0 | D        | Reached XP level 1. HP: 10/10 MP: 6/6
     6 | D        | Reached skill level 1 in Fighting
    46 | D        | Noticed a phantom
    46 | D        | Noticed a worker ant
    46 | D        | Noticed a hound
    49 | D        | Reached XP level 2. HP: 10/16 MP: 6/8
    53 | D        | Reached skill level 5 in Air Magic
    53 | D        | Reached XP level 3. HP: 9/21 MP: 2/11
    59 | D        | Reached skill level 5 in Spellcasting
    59 | D        | Reached XP level 4. HP: 8/27 MP: 1/13
    66 | D        | Learned a level 4 spell: Airstrike
    70 | D        | Killed a phantom
    70 | D        | Reached skill level 5 in Dodging
    70 | D        | Reached XP level 5. HP: 7/32 MP: 0/16
    87 | D        | Found a roughly hewn altar of Beogh.
    87 | D        | Found a snail-covered altar of Cheibriados.
    87 | D        | Found a shadowy altar of Dithmenos.
    87 | D        | Found a white marble altar of Elyvilon.
    87 | D        | Found a blossoming altar of Fedhas.
    87 | D        | Found an opulent altar of Gozag.
    88 | D        | Found a hazy altar of Hepliaklqana.
    89 | D        | Found a viscous altar of Jiyva.
    90 | D        | Found an ancient bone altar of Kikubaaqudgha.
    91 | D        | Found a corrupted altar of Lugonu.
    92 | D        | Found a burning altar of Makhleb.
    93 | D        | Found a sparkling altar of Nemelex Xobeh.
    94 | D        | Found an iron altar of Okawaru.
    95 | D        | Found a stormy altar of Qazlal.
    96 | D        | Found a sacrificial altar of Ru.
    97 | D        | Found a shimmering blue altar of Sif Muna.
    98 | D        | Found a bloodstained altar of Trog.
    99 | D        | Found a hide-covered altar of Uskayaw.
   100 | D        | Found a radiant altar of Vehumet.
   101 | D        | Found an ornate altar of the Wu Jian Council.
   102 | D        | Found a shimmering altar of Xom.
   103 | D        | Found a basalt altar of Yredelemnul.
   104 | D        | Found a glowing silver altar of Zin.
   105 | D        | Became a worshipper of Sif Muna the Loreminder
   106 | D        | Found a glowing golden altar of the Shining One.
   151 | D        | Learned a level 5 spell: Lightning Bolt
   155 | D        | Learned a level 3 spell: Static Discharge
   323 | D        | Noticed a troll
   323 | D        | Noticed a bullfrog
   323 | D        | Noticed a troll
   330 | D        | Killed a bullfrog
   330 | D        | Reached * piety under Sif Muna
   330 | D        | Reached skill level 5 in Conjurations
   331 | D        | Reached XP level 6. HP: 22/38 MP: 12/18
   332 | D        | Reached ** piety under Sif Muna
   333 | D        | Reached skill level 10 in Air Magic
   335 | D        | Killed a troll
   335 | D        | Identified Sif Muna's Grimoire of Damaging Bewitchment (Sif
                  | Muna gifted it to you in the Dungeon)
   335 | D        | Received a gift from Sif Muna
   335 | D        | Reached skill level 5 in Evocations
   335 | D        | Reached XP level 7. HP: 26/43 MP: 9/19
   341 | D        | Learned a level 3 spell: Mephitic Cloud
   438 | D        | Noticed a skeletal warrior
   438 | D        | Noticed a yaktaur
   438 | D        | Noticed a redback
   440 | D        | Reached *** piety under Sif Muna
   440 | D        | Noticed a shapeshifter
   440 | D        | a yaktaur changed into a shapeshifter
   441 | D        | a shapeshifter changed into a black bear
   442 | D        | Killed a redback
   442 | D        | Killed a skeletal warrior
   442 | D        | Received a gift from Sif Muna
   442 | D        | Reached XP level 8. HP: 37/48 MP: 5/23
   443 | D        | Reached skill level 10 in Spellcasting
   568 | D        | Learned a level 2 spell: Blink
   572 | D        | Learned a level 3 spell: Conjure Flame
   572 | D        | Noticed a cane toad
   572 | D        | Noticed a black mamba
   575 | D        | Identified Fyr Toxku's Handbook of Aerial Transformation
                  | (Sif Muna gifted it to you in the Dungeon)
   575 | D        | Received a gift from Sif Muna
   575 | D        | Reached skill level 1 in Fire Magic
   576 | D        | Reached skill level 1 in Translocations
   576 | D        | Killed a cane toad
   576 | D        | Reached **** piety under Sif Muna
   576 | D        | Reached skill level 10 in Conjurations
   576 | D        | Reached skill level 5 in Invocations
   576 | D        | Gained mutation: You can fly continuously. [Avariel growth]
   576 | D        | Reached XP level 9. HP: 52/52 MP: 8/25
   580 | D        | Reached skill level 5 in Fighting
   582 | D        | Killed a black mamba
   582 | D        | Received a gift from Sif Muna
   582 | D        | Reached skill level 5 in Stealth
   593 | D        | Learned a level 5 spell: Irradiate
   669 | D        | Noticed a black mamba
   669 | D        | Noticed an elephant
   669 | D        | Noticed a six-headed hydra
   672 | D        | Noticed a cane toad
   673 | D        | Reached skill level 1 in Transmutations
   673 | D        | Killed a six-headed hydra
   673 | D        | Identified Sif Muna's Papyrus of the Supportive Blaze (Sif
                  | Muna gifted it to you in the Dungeon)
   673 | D        | Received a gift from Sif Muna
   673 | D        | Reached skill level 5 in Fire Magic
   673 | D        | Reached XP level 10. HP: 59/59 MP: 11/28
   674 | D        | Reached ***** piety under Sif Muna
   676 | D        | Killed an elephant
   676 | D        | Killed a black mamba
   676 | D        | Reached skill level 10 in Dodging
   680 | D        | Killed a cane toad
   680 | D        | Received a gift from Sif Muna
   749 | D        | Learned a level 5 spell: Summon Lightning Spire
   749 | D        | Noticed a cane toad
   751 | D        | Noticed a cane toad
   752 | D        | Reached skill level 1 in Summonings
   752 | D        | Killed a cane toad
   754 | D        | Killed a cane toad
   756 | D        | Received a gift from Sif Muna
   757 | D        | Reached skill level 5 in Transmutations
   871 | D        | Reached XP level 11. HP: 63/63 MP: 18/31
   934 | D        | Noticed Josephine
   942 | D        | Killed Josephine
   942 | D        | Identified Sif Muna's Disquisition on Darkness and Feathers
                  | (Sif Muna gifted it to you in the Dungeon)
   942 | D        | Received a gift from Sif Muna
  1065 | D        | Reached skill level 15 in Spellcasting
  1138 | D        | Reached ****** piety under Sif Muna
  1138 | D        | Received a gift from Sif Muna
  1253 | D        | Identified Sif Muna's Volume of Conjuration (Sif Muna
                  | gifted it to you in the Dungeon)
  1253 | D        | Received a gift from Sif Muna
  1255 | D        | Noticed an orc high priest
  1271 | D        | Killed an orc high priest
  1271 | D        | Reached skill level 5 in Summonings
  1427 | D        | Learned a level 4 spell: Sticky Flame
  1427 | D        | Found Lunod's Antique Weapon Boutique.
  1427 | D        | Noticed an orc knight
  1431 | D        | Killed an orc knight
  1431 | D        | Received a gift from Sif Muna
  1437 | D        | Noticed an orc knight
  1447 | D        | Killed an orc knight
  1470 | D        | Found Siatio's Gadget Shop.
  1491 | D        | Found Dujyzaun's Antique Armour Boutique.
  1498 | D        | Found Agoeb's Assorted Antiques.
  1509 | D        | Bought a scroll labeled QUNAVU JOMN for 23 gold pieces
  1509 | D        | Bought a pair of glowing gloves for 172 gold pieces
  1524 | D        | Bought a lightning rod (4/4) for 400 gold pieces
  1524 | D        | Bought a lamp of fire for 400 gold pieces
  1524 | D        | Bought a wand of polymorph (7) for 45 gold pieces
  1524 | D        | Bought a wand of polymorph (14) for 80 gold pieces
  1524 | D        | Bought a wand of scattershot (5) for 270 gold pieces
  1524 | D        | Bought a sack of spiders for 200 gold pieces
  1524 | D        | Bought a sack of spiders for 200 gold pieces
  1528 | D        | Bought a potion of heal wounds for 115 gold pieces
  1561 | D        | Noticed Eustachio
  1567 | D        | Killed Eustachio
  1694 | D        | Got the +9 hand axe "Newtslayer" {freeze, +Inv rC+}
  1697 | D        | Got the cursed +1 morningstar "Ukhlelack" {drain, Str+2}
  1705 | D        | Got the +3 leather armour "Iplemu Voumo" {Regen+ Dex+3}
  1768 | D        | Learned a level 4 spell: Throw Icicle
  1768 | D        | Noticed an ice dragon
  1770 | D        | Identified Daotot's Handbook of Conjuration (Sif Muna
                  | gifted it to you in the Dungeon)
  1770 | D        | Received a gift from Sif Muna
  1772 | D        | Killed an unseen horror
  1772 | D        | Reached skill level 1 in Ice Magic
  1774 | D        | Killed an ice dragon
  1776 | D        | Noticed a cyclops
  1780 | D        | Killed a cyclops
  1781 | D        | Noticed a deep troll shaman
  1782 | D        | Noticed a tengu reaver
  1785 | D        | Killed a deep troll shaman
  1785 | D        | Identified Sif Muna's Tome of Supportive Moulding (Sif Muna
                  | gifted it to you in the Dungeon)
  1785 | D        | Received a gift from Sif Muna
  1785 | D        | Reached skill level 10 in Fire Magic
  1789 | D        | Killed a tengu reaver
  1789 | D        | Reached XP level 12. HP: 36/69 MP: 6/35
  1799 | D        | Gained mutation: You are clumsy. (Dex -2) [mutagenic glow]
  1801 | D        | Reached skill level 15 in Conjurations
  1801 | D        | Noticed a fire giant
  1806 | D        | Killed a fire giant
  1807 | D        | Identified Sif Muna's Grimoire of Bewitching Protection
                  | (Sif Muna gifted it to you in the Dungeon)
  1807 | D        | Received a gift from Sif Muna
  1810 | D        | Noticed a lich
  1817 | D        | Killed a lich
  1836 | D        | Noticed an ice dragon
  1844 | D        | Killed an ice dragon
  1909 | D        | Gained mutation: Scrolls take you a little longer to read.
                  | [mutagenic glow]
  1914 | D        | Learned a level 7 spell: Spellforged Servitor
  1955 | D        | Gained mutation: You tend to lose your temper in combat.
                  | [mutagenic glow]
  1956 | D        | Lost mutation: You tend to lose your temper in combat.
                  | [potion of mutation]
  1956 | D        | Gained mutation: You can translocate small distances at
                  | will. [potion of mutation]
  1956 | D        | Gained mutation: You are frail. (-10% HP) [potion of
                  | mutation]
  1956 | D        | Gained mutation: You evolve. [potion of mutation]
  1957 | D        | Lost mutation: You are clumsy. (Dex -2) [potion of
                  | mutation]
  1957 | D        | Lost mutation: You can translocate small distances at will.
                  | [potion of mutation]
  1957 | D        | Gained mutation: You are partially covered in large bone
                  | plates. (SH +4) [potion of mutation]
  1957 | D        | Gained mutation: You are clumsy. (Dex -2) [potion of
                  | mutation]
  1957 | D        | Lost mutation: You evolve. [potion of mutation]
  1957 | D        | Gained mutation: You are surrounded by a mild repulsion
                  | field. (EV +2) [potion of mutation]
  1987 | D        | Noticed Azrael
  1995 | D        | Killed Azrael
  1995 | D        | Identified Sif Muna's Grimoire of the Entourage and Flight
                  | (Sif Muna gifted it to you in the Dungeon)
  1995 | D        | Received a gift from Sif Muna
  1995 | D        | Reached skill level 1 in Armour
  2083 | D        | Noticed a satyr
  2084 | D        | Noticed a merfolk javelineer
  2089 | D        | Killed a satyr
  2089 | D        | Reached skill level 5 in Ice Magic
  2089 | D        | Killed a merfolk javelineer
  2089 | D        | Received a gift from Sif Muna
  2167 | D        | Reached XP level 13. HP: 68/68 MP: 26/38
  2168 | D        | Noticed an entropy weaver
  2171 | D        | Killed an entropy weaver
  2171 | D        | Identified Sif Muna's Guide on Conjuration (Sif Muna gifted
                  | it to you in the Dungeon)
  2171 | D        | Received a gift from Sif Muna
  2292 | D        | Received a gift from Sif Muna
  2293 | D        | Reached skill level 5 in Armour
  2437 | D        | Learned a level 4 spell: Ice Form
  2440 | D        | Received a gift from Sif Muna
  2442 | D        | Reached skill level 10 in Evocations
  2475 | D        | Learned a level 7 spell: Orb of Destruction
  2530 | D        | Noticed Donald
  2537 | D        | Killed Donald
  2537 | D        | Identified Sif Muna's Incunabulum of Feathery Conjuration
                  | (Sif Muna gifted it to you in the Dungeon)
  2537 | D        | Received a gift from Sif Muna
  2638 | D        | Noticed Nessos
  2646 | D        | Noticed Rupert
  2649 | D        | Killed Nessos
  2656 | D        | Killed Rupert
  2715 | D        | Noticed Snorg
  2719 | D        | Killed Snorg
  2719 | D        | Identified Sif Muna's Volume of Arcane Weapons and
                  | Self-Knowledge (Sif Muna gifted it to you in the Dungeon)
  2719 | D        | Received a gift from Sif Muna
  2732 | D        | Noticed Aizul
  2742 | D        | Killed Aizul
  2891 | D        | Noticed a white very ugly thing
  2891 | D        | Noticed a fire dragon
  2891 | D        | Noticed an ice dragon
  2891 | D        | Noticed a fire dragon
  2894 | D        | Killed a fire dragon
  2894 | D        | Noticed an ice dragon
  2895 | D        | Killed a fire dragon
  2895 | D        | Received a gift from Sif Muna
  2895 | D        | Reached XP level 14. HP: 75/75 MP: 17/42
  2899 | D        | Killed a white very ugly thing
  2900 | D        | Received a gift from Sif Muna
  2900 | D        | Reached skill level 15 in Fire Magic
  2901 | D        | Noticed a fire giant
  2910 | D        | Killed a fire giant
  2912 | D        | Noticed a stone giant
  2922 | D        | Killed a stone giant
  2946 | D        | Identified Sif Muna's Disquisition on Icy Beguiling (Sif
                  | Muna gifted it to you in the Dungeon)
  2946 | D        | Received a gift from Sif Muna
  2958 | D        | HP: 3/75 [deep troll earth mage (15)]
  3257 | D        | Noticed a fire giant
  3262 | D        | Killed a fire giant
  3262 | D        | Identified Sif Muna's Collected Works on the Flamy
                  | Frostbite (Sif Muna gifted it to you in the Dungeon)
  3262 | D        | Received a gift from Sif Muna
  3340 | D        | Noticed a vault warden
  3343 | D        | Killed a vault warden
  3343 | D        | Identified Sif Muna's Volume of Supportive Confrontation
                  | (Sif Muna gifted it to you in the Dungeon)
  3343 | D        | Received a gift from Sif Muna
  3354 | D        | Noticed an ironheart preserver
  3355 | D        | Identified Ybiocsoe's Reference Book on Summoning (Sif Muna
                  | gifted it to you in the Dungeon)
  3355 | D        | Received a gift from Sif Muna
  3359 | D        | Killed an ironheart preserver
  3387 | D        | Noticed an ironheart preserver
  3395 | D        | Noticed a vault warden
  3397 | D        | Received a gift from Sif Muna
  3407 | D        | Killed an ironheart preserver
  3410 | D        | Killed a vault warden
  3440 | D        | Noticed an ironheart preserver
  3446 | D        | Noticed a stone giant
  3449 | D        | Identified Deuttod's Disquisition on Entrancing Heat (Sif
                  | Muna gifted it to you in the Dungeon)
  3449 | D        | Received a gift from Sif Muna
  3451 | D        | Killed an ironheart preserver
  3454 | D        | Killed a stone giant
  3595 | D        | Learned a level 9 spell: Fire Storm
  3605 | D        | Got the +3 broad axe of Qenoymen {antimagic, MP-9 Dex+3
                  | SInv Stlth+}
  3611 | D        | Got the +0 bardiche "Wehiss" {elec, Dex+3}
  3618 | D        | Got the +0 pair of gloves "Kowooc" {rF+ SInv}
  3670 | D        | Lost mutation: Scrolls take you a little longer to read.
                  | [potion of mutation]
  3670 | D        | Lost mutation: You are frail. (-10% HP) [potion of
                  | mutation]
  3670 | D        | Lost mutation: You are clumsy. (Dex -2) [potion of
                  | mutation]
  3670 | D        | Gained mutation: You occasionally shout uncontrollably at
                  | your foes. [potion of mutation]
  3670 | D        | Gained mutation: You are robust. (+10% HP) [potion of
                  | mutation]
  3702 | D        | Noticed Mennas
  3704 | D        | Noticed Margery
  3706 | D        | Killed Mennas
  3706 | D        | Identified Sif Muna's Disquisition on Earthen Aid (Sif Muna
                  | gifted it to you in the Dungeon)
  3706 | D        | Received a gift from Sif Muna
  3706 | D        | Reached XP level 15. HP: 96/96 MP: 15/43
  3706 | D        | Killed Margery
  3706 | D        | Received a gift from Sif Muna
  3709 | D        | Identified Sif Muna's Guide on Aerial Malediction (Sif Muna
                  | gifted it to you in the Dungeon)
  3709 | D        | Received a gift from Sif Muna
  3717 | D        | Noticed Xtahua
  4093 | D        | Killed Xtahua
  4094 | D        | Found the +6 fire dragon scales of Xtahua {rF+++ rC- MR+}
  4170 | D        | Reached skill level 1 in Shields
  4172 | D        | Noticed Ilsuiw
  4176 | D        | Killed Ilsuiw
  4176 | D        | Identified Honewkuo's Reference Book on Intoxication and
                  | the Volcanoes (Sif Muna gifted it to you in the Dungeon)
  4176 | D        | Received a gift from Sif Muna
  4186 | D        | Reached skill level 15 in Dodging
  4207 | D        | Got a barnacled rune of Zot
  4226 | D        | Noticed a nagaraja
  4226 | D        | Noticed a nagaraja
  4228 | D        | Identified Sif Muna's Reference Book on Execration and
                  | Talismans (Sif Muna gifted it to you in the Dungeon)
  4228 | D        | Received a gift from Sif Muna
  4228 | D        | Reached skill level 5 in Shields
  4228 | D        | Killed a nagaraja
  4230 | D        | Killed a nagaraja
  4234 | D        | Noticed a nagaraja
  4235 | D        | Noticed a nagaraja
  4240 | D        | Killed a nagaraja
  4240 | D        | Identified Sif Muna's Handbook of Creative Lightness (Sif
                  | Muna gifted it to you in the Dungeon)
  4240 | D        | Received a gift from Sif Muna
  4244 | D        | Killed a nagaraja
  4269 | D        | Got a serpentine rune of Zot
  4287 | D        | Learned a level 8 spell: Glaciate
  4291 | D        | Received a gift from Sif Muna
  4291 | D        | Reached XP level 16. HP: 111/113 MP: 28/46
  4305 | D        | Identified Sif Muna's Volume of Companions (Sif Muna gifted
                  | it to you in the Dungeon)
  4305 | D        | Received a gift from Sif Muna
  4317 | D        | Got a decaying rune of Zot
  4331 | D        | Received a gift from Sif Muna
  4336 | D        | Reached skill level 15 in Air Magic
  4338 | D        | Identified Sif Muna's Volume of Freezing Orientation (Sif
                  | Muna gifted it to you in the Dungeon)
  4338 | D        | Received a gift from Sif Muna
  4606 | D        | Received a gift from Sif Muna
  4606 | D        | Reached skill level 10 in Shields
  4611 | D        | Got a gossamer rune of Zot
  4652 | D        | Noticed Boris
  4665 | D        | Killed Boris
  4665 | D        | Reached skill level 27 in Spellcasting
  4788 | D        | Identified Sif Muna's Tome of Evil Rituals and Orientation
                  | (Sif Muna gifted it to you in the Dungeon)
  4788 | D        | Received a gift from Sif Muna
  4807 | D        | Received a gift from Sif Muna
  4813 | D        | Learned a level 3 spell: Regeneration
  4814 | D        | Reached skill level 1 in Charms
  4819 | D        | Reached skill level 1 in Necromancy
  4847 | D        | Identified Sif Muna's Incunabulum of Ashen Ice (Sif Muna
                  | gifted it to you in the Dungeon)
  4847 | D        | Received a gift from Sif Muna
  5167 | D        | Noticed a golden dragon
  5167 | D        | Noticed a tengu reaver
  5169 | D        | Reached XP level 17. HP: 118/118 MP: 34/50
  5170 | D        | Received a gift from Sif Muna
  5170 | D        | Reached skill level 5 in Necromancy
  5175 | D        | Killed a golden dragon
  5213 | D        | Reached skill level 10 in Necromancy
  5226 | D        | Reached skill level 10 in Invocations
  5237 | D        | Identified the +0 leather armour of the Armadillo {rF+ rC+
                  | Str-3 Int+3}
  5264 | D        | Noticed a quicksilver dragon
  5269 | D        | Reached skill level 15 in Shields
  5280 | D        | Killed a quicksilver dragon
  5282 | D        | Identified the +6 hand axe "Ukhlunuga" {elec, rC+ Str-5
                  | Int+7}
  5288 | D        | Reached skill level 15 in Necromancy
  5312 | D        | Got a silver rune of Zot
  5329 | D        | Learned a level 6 spell: Borgnjor's Vile Clutch
  5340 | D        | Learned a level 8 spell: Necromutation
  5426 | D        | Got the ring "Peybynk" {rF+++ EV+3 Str+8}
  5432 | D        | Got the ring of Rurghevy {rPois Str+6 Int+2 Slay-4}
  5434 | D        | Got the ring of Ittepso {rF+ Int+4}
  5437 | D        | Got the ring "Reij" {rF+ Int+2}
  5440 | D        | Got the ring "Balagherpho" {Str+5 Int+4 Dex+3}
  5448 | D        | Got the +5 broad axe "Pogaik" {venom, rPois Str+4 Int+2}
  5450 | D        | Got the +11 scythe of Eternal Vigilance {flame, Dex+2}
  5454 | D        | Got the +5 lajatang "Ufuops" {drain, rPois}
  5457 | D        | Got the +5 triple sword "Deuqunos" {drain, rPois rN+
                  | Stlth+}
  5632 | D        | Noticed Louise
  5634 | D        | Killed Louise
  5634 | D        | Reached skill level 1 in Earth Magic
  5638 | D        | Noticed Mara
  5642 | D        | Noticed MordorOrchid's illusion
  5642 | D        | Killed Mara
  5642 | D        | Reached skill level 5 in Earth Magic
  5651 | D        | Noticed Jory
  5659 | D        | Killed Jory
  5833 | D        | Noticed Frederick
  5841 | D        | Killed Frederick
  5976 | D        | Noticed a lich
  5976 | D        | Noticed a Killer Klown
  5979 | D        | Killed a lich
  5980 | D        | Killed a Killer Klown
  5980 | D        | Reached skill level 15 in Fighting
  5980 | D        | Reached XP level 18. HP: 129/130 MP: 19/51
  5989 | D        | Noticed a tentacled monstrosity
  6017 | D        | Killed a tentacled monstrosity
  6048 | D        | Noticed a bone dragon
  6062 | D        | Killed a bone dragon
  6105 | D        | Noticed a tentacled monstrosity
  6105 | D        | Noticed a quicksilver dragon
  6105 | D        | Noticed a quicksilver dragon
  6107 | D        | Killed a quicksilver dragon
  6107 | D        | Killed a quicksilver dragon
  6110 | D        | Killed a tentacled monstrosity
  6110 | D        | Reached skill level 15 in Evocations
  6143 | D        | Noticed an electric golem
  6143 | D        | Noticed a tentacled monstrosity
  6143 | D        | Noticed a golden dragon
  6146 | D        | Killed a tentacled monstrosity
  6147 | D        | Killed a golden dragon
  6147 | D        | Reached skill level 27 in Dodging
  6149 | D        | Killed an electric golem
  6175 | D        | Noticed a golden dragon
  6183 | D        | Killed a golden dragon
  6191 | D        | Reached XP level 19. HP: 72/147 MP: 13/52
  6240 | D        | Noticed a tentacled monstrosity
  6246 | D        | Killed a tentacled monstrosity
  6351 | D        | Noticed an Orb Guardian
  6351 | D        | Noticed an Orb Guardian
  6351 | D        | Noticed an Orb Guardian
  6351 | D        | Noticed an Orb Guardian
  6351 | D        | Noticed an Orb Guardian
  6351 | D        | Noticed an Orb Guardian
  6354 | D        | Killed an Orb Guardian
  6354 | D        | Killed an Orb Guardian
  6354 | D        | Killed an Orb Guardian
  6354 | D        | Killed an Orb Guardian
  6354 | D        | Killed an Orb Guardian
  6354 | D        | Noticed an Orb Guardian
  6355 | D        | Noticed an Orb Guardian
  6355 | D        | Killed an Orb Guardian
  6356 | D        | Killed an Orb Guardian
  6362 | D        | Noticed an Orb Guardian
  6362 | D        | Noticed an Orb Guardian
  6363 | D        | Killed an Orb Guardian
  6368 | D        | Killed an Orb Guardian
  6370 | D        | Killed an Orb Guardian
  6509 | D        | Noticed a tentacled monstrosity
  6509 | D        | Noticed an Orb Guardian
  6509 | D        | Noticed an Orb Guardian
  6509 | D        | Noticed a tentacled monstrosity
  6511 | D        | Killed an Orb Guardian
  6511 | D        | Killed an Orb Guardian
  6516 | D        | Killed a tentacled monstrosity
  6519 | D        | Killed a tentacled monstrosity
  6520 | D        | Noticed an Orb Guardian
  6525 | D        | Killed an Orb Guardian
  6526 | D        | Noticed an Orb Guardian
  6531 | D        | Killed an Orb Guardian
  6531 | D        | Reached skill level 27 in Fighting
  6564 | D        | Noticed an ancient lich
  6567 | D        | Killed an ancient lich
  6578 | D        | Noticed an orb of fire
  6580 | D        | Noticed an electric golem
  6581 | D        | Killed an electric golem
  6582 | D        | Killed an orb of fire
  6582 | D        | Reached skill level 15 in Ice Magic
  6612 | D        | Noticed an orb of fire
  6612 | D        | Noticed an orb of fire
  6612 | D        | Noticed an orb of fire
  6612 | D        | Noticed a Killer Klown
  6614 | D        | Noticed a curse toe
  6615 | D        | Killed a Killer Klown
  6615 | D        | Reached XP level 20. HP: 146/172 MP: 36/53
  6616 | D        | Killed an orb of fire
  6616 | D        | Killed an orb of fire
  6617 | D        | Killed an orb of fire
  6619 | D        | Noticed an ancient lich
  6627 | D        | Killed an ancient lich
  6627 | D        | Killed a curse toe
  6628 | D        | Noticed an ancient lich
  6642 | D        | Killed an ancient lich
  6643 | D        | Noticed a golden dragon
  6650 | D        | Killed a golden dragon
  6660 | D        | Noticed an electric golem
  6666 | D        | Killed an electric golem
  6737 | D        | Reached skill level 15 in Invocations
  6870 | D        | Learned a level 8 spell: Controlled Blink
  6871 | D        | Noticed an ancient lich
  6872 | D        | Noticed an ancient lich
  6875 | D        | Reached XP level 21. HP: 164/179 MP: 26/54
  6877 | D        | Killed an ancient lich
  6877 | D        | Reached skill level 27 in Fire Magic
  6877 | D        | Reached skill level 27 in Ice Magic
  6884 | D        | Killed an ancient lich
  6918 | D        | Reached skill level 15 in Translocations
  6995 | D        | Got an elven rune of Zot
  7010 | D        | Paralysed by a floating eye for 4 turns
  7015 | D        | Noticed the Royal Jelly
  7019 | D        | Killed the Royal Jelly
  7067 | D        | Got a slimy rune of Zot
  7161 | D        | Reached XP level 22. HP: 162/185 MP: 25/55
  7166 | D        | Reached skill level 27 in Translocations
  7335 | D        | Noticed a greater mummy
  7335 | D        | Noticed a greater mummy
  7335 | D        | Noticed a greater mummy
  7339 | D        | Killed a greater mummy
  7340 | D        | Killed a greater mummy
  7340 | D        | Killed a greater mummy
  7354 | D        | Noticed a greater mummy
  7358 | D        | Noticed a greater mummy
  7359 | D        | Killed a greater mummy
  7359 | D        | Reached skill level 27 in Conjurations
  7385 | D        | Killed a greater mummy
  7407 | D        | Got a golden rune of Zot
  7435 | D        | Got an abyssal rune of Zot
  7563 | D        | Noticed Geryon
  7567 | D        | Killed Geryon
  7606 | D        | Noticed Lom Lobon
  7606 | D        | Noticed Mnoleg
  7606 | D        | Identified the +6 sword of Cerebov {flame}
  7606 | D        | Noticed Cerebov
  7612 | D        | Killed Mnoleg
  7612 | D        | Identified the +4 staff of Dispater
  7612 | D        | Noticed Dispater
  7632 | D        | Killed Cerebov
  7742 | D        | Killed Lom Lobon
  7782 | D        | Killed Dispater
  7782 | D        | Reached skill level 27 in Shields
  7797 | D        | Noticed Gloorx Vloq
  7802 | D        | Killed Gloorx Vloq
  7802 | D        | Reached XP level 23. HP: 187/192 MP: 15/56
  7821 | D        | Identified the +7 sceptre of Asmodeus
  7821 | D        | Noticed Asmodeus
  7846 | D        | Killed Asmodeus
  7859 | D        | Got a fiery rune of Zot
  7864 | D        | Got a glowing rune of Zot
  7868 | D        | Got a magical rune of Zot
  7869 | D        | Noticed Ereshkigal
  7873 | D        | Killed Ereshkigal
  7877 | D        | Got an iron rune of Zot
  7877 | D        | Noticed Antaeus
  7896 | D        | Killed Antaeus
  7906 | D        | Got a dark rune of Zot
  7916 | D        | Got an obsidian rune of Zot
  7920 | D        | Got a bone rune of Zot
  7924 | D        | Got an icy rune of Zot
  7935 | D        | Learned a level 5 spell: Passage of Golubria
  8223 | D        | Learned a level 5 spell: Irradiate
  8233 | D        | Learned a level 9 spell: Shatter
  8233 | D        | Got the Orb of Zot
  8552 | D        | Reached skill level 15 in Earth Magic
  9733 | D        | Noticed Ofeoxuv the pandemonium lord
  9738 | D        | Killed Ofeoxuv the pandemonium lord
  9759 | D        | Escaped with the Orb!

Skill      XL: |  1  2  3  4  5  6  7  8  9 10 11 12 13 14 15 16 17 18 19 20 21 22 23 |
---------------+----------------------------------------------------------------------+-----
Spellcasting   | 3 4 5 7 9 10 12 14 17 19 22 24 27 | 27.0
Fighting       | 1 2 3 4 5 7 8 12 15 19 27 | 27.0
Dodging        | 3 4 5 6 7 8 9 10 12 13 14 16 19 21 27 | 27.0
Conjurations   | 2 3 4 5 8 9 10 11 13 14 15 18 21 22 27 | 27.0
Air Magic      | 5 6 7 9 11 13 19 20 | 20.0
Evocations     | 2 5 6 7 8 10 11 16 18 23 | 23.2
Short Blades   | 2 |  2.1
Poison Magic   | 2 |  2.2
Invocations    | 4 5 10 15 | 15.3
Fire Magic     | 2 5 8 10 11 14 21 22 26 27 | 27.0
Translocations | 2 26 27 | 27.0
Stealth        | 3 5 |  5.0
Transmutations | 2 5 6 11 | 11.3
Summonings     | 3 7 9 |  9.0
Ice Magic      | 2 5 6 17 26 27 | 27.0
Armour         | 3 6 |  6.0
Shields        | 7 13 15 27 | 27.0
Charms         | 3 |  3.4
Necromancy     | 4 16 | 16.1
Earth Magic    | 5 7 9 20 | 20.3

Action                   |  1- 3 |  4- 6 |  7- 9 | 10-12 | 13-15 | 16-18 | 19-21 | 22-24 || total
-------------------------+-------+-------+-------+-------+-------+-------+-------+-------++-------
Melee: Dagger            |     1 |       |       |       |       |       |       |       ||     1
       Rapier            |       |     3 |       |     4 |       |       |       |       ||     7
       Short sword       |       |       |       |       |     3 |     8 |       |       ||    11
       Hand axe          |       |       |       |       |       |     8 |    17 |    22 ||    47
 Cast: Shock             |     7 |    11 |     7 |    42 |     2 |     7 |       |       ||    76
       Airstrike         |       |     2 |     3 |    48 |    86 |    16 |     7 |     4 ||   166
       Lightning Bolt    |       |       |     8 |    22 |    16 |     6 |     3 |       ||    55
       Mephitic Cloud    |       |       |     1 |     6 |     5 |     2 |       |       ||    14
       Conjure Flame     |       |       |     3 |     2 |     1 |       |       |       ||     6
       Irradiate         |       |       |     1 |     1 |       |       |       |       ||     2
       Summon Lightning  |       |       |       |    11 |     8 |     3 |     1 |       ||    23
       Blink             |       |       |       |     1 |       |     2 |     1 |   104 ||   108
       Spellforged Servi |       |       |       |     3 |    16 |    12 |    10 |    10 ||    51
       Orb of Destructio |       |       |       |       |    19 |    39 |    19 |    46 ||   123
       Ice Form          |       |       |       |       |     1 |       |       |       ||     1
       Fire Storm        |       |       |       |       |    12 |    45 |    51 |    57 ||   165
       Glaciate          |       |       |       |       |       |    13 |    19 |    31 ||    63
       Necromutation     |       |       |       |       |       |     1 |     5 |     5 ||    11
       Regeneration      |       |       |       |       |       |     1 |     6 |     7 ||    14
       Borgnjor's Vile C |       |       |       |       |       |       |       |    15 ||    15
       Controlled Blink  |       |       |       |       |       |       |       |     9 ||     9
       Passage of Golubr |       |       |       |       |       |       |       |    17 ||    17
Invok: Divine Energy     |       |       |     1 |       |       |       |       |       ||     1
       Channel Magic     |       |       |     2 |    10 |    20 |    24 |    22 |    32 ||   110
       Stop Divine Energ |       |       |       |     1 |       |       |       |       ||     1
       Forget Spell      |       |       |       |       |     1 |     3 |     1 |     3 ||     8
 Abil: End Transformatio |       |       |       |       |     1 |     1 |     3 |     5 ||    10
       Evoke Invisibilit |       |       |       |       |       |     2 |       |       ||     2
Evoke: Lightning rod     |       |       |       |     6 |       |     4 |       |       ||    10
       Lamp of fire      |       |       |       |     2 |     6 |     9 |     7 |     4 ||    28
       Wand              |       |       |       |       |     1 |     2 |       |     1 ||     4
  Use: Potion            |     1 |     2 |       |     2 |     3 |       |       |     4 ||    12
       Scroll            |       |       |       |     4 |     4 |     2 |       |       ||    10
 Stab: Sleeping          |     1 |       |       |       |       |       |       |       ||     1
       Invisible         |       |     1 |       |       |       |       |       |       ||     1
       Confused          |       |       |       |       |       |     2 |       |       ||     2
  Eat: Chunk             |       |       |     2 |     8 |    17 |    11 |     3 |     3 ||    44
       Ration            |       |       |       |       |     1 |     2 |       |       ||     3
Armor: Robe              |       |       |       |     2 |       |       |       |       ||     2
       Leather armour    |       |       |       |     2 |     5 |     2 |     3 |     1 ||    13
       Skin              |       |       |       |       |     3 |       |       |       ||     3
Dodge: Dodged            |     3 |     2 |     3 |    11 |    28 |    47 |    50 |    12 ||   156
       Deflected         |       |       |       |     1 |     3 |     3 |     1 |     1 ||     9
Block: Other             |       |       |       |     1 |     5 |     5 |       |       ||    11
       Shield            |       |       |       |       |       |    23 |    24 |    19 ||    66
